 Dungeon Crawl Stone Soup version 0.21.1-1-g345015fe64 (webtiles) character file.

627 Nattfarinn the Gusty (level 7, -6/36 HPs)
             Began as a Tengu Air Elementalist on May 6, 2018.
             Mangled by an iguana (13 damage)
             ... on level 4 of the Dungeon.
             The game lasted 00:14:30 (5436 turns).

Nattfarinn the Gusty (Tengu Air Elementalist)       Turns: 5436, Time: 00:14:30

Health: -6/36      AC:  3    Str:  8    XL:     7   Next: 47%
Magic:  0/15       EV: 12    Int: 18    God:
Gold:   197        SH:  0    Dex: 14    Spells: 5/15 levels left

rFire    . . .     SeeInvis .   e - -1 dagger (curse)
rCold    . . .     Gourm    .   (no shield)
rNeg     . . .     Faith    .   a - +1 robe
rPois    .         Spirit   .   (helmet restricted)
rElec    .         Reflect  .   (no cloak)
rCorr    .         Harm     .   (no gloves)
MR       .....                  (boots unavailable)
Stlth    ++........             (no amulet)
HPRegen  0.12/turn              (no ring)
MPRegen  0.14/turn              (no ring)

@: no status effects
A: beak, talons 3, able to fly 1
a: Fly


You were on level 4 of the Dungeon.
You were very hungry.

You visited 1 branch of the dungeon, and saw 4 of its levels.

You collected 197 gold pieces.

Inventory:

Hand Weapons
 e - a cursed -1 dagger (weapon)
Armour
 a - a +1 robe (worn)
Jewellery
 g - an uncursed amulet of guardian spirit {unknown}
Scrolls
 h - a scroll of magic mapping
 i - 4 scrolls of amnesia
 k - a scroll of immolation {unknown}
 l - a scroll of fog {unknown}
 m - a scroll of identify
 p - a scroll of noise {unknown}
Potions
 j - a potion of lignification {unknown}
 n - a potion of resistance {unknown}
 o - a potion of flight {unknown}
Books
 b - a book of Air

   Spells                             Type                      Level
   a - Shock                          Conjuration/Air              1
   b - Swiftness                      Charms/Air                   2
   c - Static Discharge               Conjuration/Air              3
   d - Airstrike                      Air                          4
   e - Lightning Bolt                 Conjuration/Air              5
Comestibles
 c - 11 rations
 f - 8 chunks of flesh


   Skills:
 - Level 2.1 Dodging
 - Level 2.0 Stealth
 * Level 4.9 Spellcasting
 + Level 4.5 Conjurations
 * Level 7.6 Air Magic


You had 5 spell levels left.
You knew the following spells:

 Your Spells              Type           Power        Failure   Level  Hunger
a - Shock                 Conj/Air       ####         1%          1    None
b - Airstrike             Air            ####......   5%          4    ####...
c - Lightning Bolt        Conj/Air       ####......   30%         5    ######.


Dungeon Overview and Level Annotations

Branches:
Dungeon (4/15)
 Temple: D:4-7

Altars:
Ashenzari
Dithmenos
Kikubaaqudgha
Sif Muna
Vehumet
Xom


Innate Abilities, Weirdness & Mutations

You have a beak for a mouth.
You have claws for feet.
You can fly.


Message History

You kill the howler monkey!
The iguana barely misses you.
Casting: Shock
Confirm with . or Enter, or press ? or * to list all spells.
Aiming: Shock
Press: ? - help, Shift-Dir - straight line, f/p - iguana
Aim: an iguana (severely wounded)
The zap hits the iguana.
The iguana is almost dead.
The iguana bites you!
* * * LOW HITPOINT WARNING * * *
Casting: Shock
Confirm with . or Enter, or press ? or * to list all spells.
Aiming: Shock
Press: ? - help, Shift-Dir - straight line, f/p - iguana
Aim: an iguana (almost dead)
The zap hits the iguana.
The iguana is almost dead.
The iguana bites you!
You die...

..# #..........# <##
####........##
############...........#
.(...<.......#.......(..#
.#############..........#
## #....).....# ####
#..........# ...#
#..l.......# ...#
##.@......# ...#
##......## #### ########


You could see an iguana.

Vanquished Creatures
  The ghost of Toogi the Ruffian, an amateur TrWn (D:3)
  The ghost of Tali the Chopper, an amateur DsBe of Trog (D:4)
  A howler monkey (D:4)
  An iguana (D:4)
  2 worker ants (D:4)
  A hound skeleton (D:4)
  4 gnolls (D:2)
  7 adders
  An ooze (D:2)
  5 worms
  4 dart slugs (D:1)
  A leopard gecko (D:2)
  7 orcs
  A ball python (D:2)
  2 giant cockroaches
  13 goblins
  6 hobgoblins
  11 jackals
  A quokka (D:4)
  8 bats
  4 frilled lizards
  7 kobolds
  2 quokka skeletons (D:4)
  10 rats
101 creatures vanquished.

Notes
Turn   | Place    | Note
-------+----------+-------------------------------------------
     0 | D:1      | Nattfarinn the Tengu Air Elementalist began the quest for the Orb.
     0 | D:1      | Reached XP level 1. HP: 10/10 MP: 4/4
   255 | D:1      | Reached XP level 2. HP: 15/15 MP: 0/6
  1075 | D:1      | Reached XP level 3. HP: 16/19 MP: 2/7
  2269 | D:2      | Reached skill level 5 in Air Magic
  2269 | D:2      | Reached XP level 4. HP: 22/24 MP: 3/9
  2479 | D:2      | Learned a level 4 spell: Airstrike
  2587 | D:2      | Found a shadowy altar of Dithmenos.
  2745 | D:2      | Gained mutation: You can fly. [Tengu growth]
  2745 | D:2      | Reached XP level 5. HP: 20/28 MP: 2/10
  3428 | D:2      | Learned a level 5 spell: Lightning Bolt
  3531 | D:3      | Noticed Toogi's ghost (amateur TrWn)
  3680 | D:3      | Found a radiant altar of Vehumet.
  3680 | D:3      | Found a shimmering altar of Xom.
  3685 | D:3      | Found an ancient bone altar of Kikubaaqudgha.
  3687 | D:3      | Found a shattered altar of Ashenzari.
  3688 | D:3      | Found a deep blue altar of Sif Muna.
  3852 | D:3      | Reached skill level 6 in Air Magic
  4623 | D:3      | Killed Toogi's ghost
  4623 | D:3      | Reached XP level 6. HP: 32/32 MP: 1/13
  5181 | D:4      | Reached skill level 7 in Air Magic
  5229 | D:4      | Reached XP level 7. HP: 36/36 MP: 7/14
  5361 | D:4      | Noticed Tali's ghost (amateur DsBe)
  5381 | D:4      | Killed Tali's ghost
  5436 | D:4      | Mangled by an iguana

Skill      XL: |  1  2  3  4  5  6 |
---------------+-------------------+-----
Conjurations   | 2 3 4 |  4.5
Air Magic      | 5 6 7 |  7.6
Spellcasting   | 3 4 |  4.9
Dodging        | |  2.1
Stealth        | |  2.0

Action                   |  1- 3 |  4- 6 |  7- 9 || total
-------------------------+-------+-------+-------++-------
Melee: Unarmed           |     8 |       |       ||     8
       Kick              |     1 |       |       ||     1
       Dagger            |       |       |     2 ||     2
       Peck              |       |       |     1 ||     1
 Cast: Shock             |    75 |   123 |    17 ||   215
       Airstrike         |       |    16 |     3 ||    19
  Use: Potion            |     4 |       |     1 ||     5
       Scroll            |       |     4 |       ||     4
  Eat: Chunk             |     5 |    12 |       ||    17
Armor: Robe              |    11 |     8 |       ||    19
Dodge: Dodged            |    45 |    20 |    13 ||    78
